 Dungeon Crawl Stone Soup version 0.24.0-35-gdb84b6a5db (webtiles) character file.

Game seed: 4113039451178568491, levelgen mode: deterministic

116 Delamore the Chopper (level 5, -2/45 HPs)
             Began as a Hill Orc Fighter on Nov 17, 2019.
             Killed from afar by Natasha (8 damage)
             ... with a magic dart
             ... on level 1 of the Dungeon.
             The game lasted 00:01:53 (1660 turns).

Delamore the Chopper (Hill Orc Fighter)             Turns: 1660, Time: 00:01:54

Health: -2/45      AC:  6    Str: 20    XL:     5   Next: 0%
Magic:  0/5        EV:  7    Int:  8    God:
Gold:   192        SH:  9    Dex: 10    Spells: 4/4 levels left

rFire    . . .     SeeInvis .   a - +0 war axe
rCold    . . .     Gourm    .   c - +0 shield
rNeg     . . .     Faith    .   b - +0 scale mail
rPois    .         Spirit   +   (no helmet)
rElec    .         Reflect  .   s - scarf {Spirit}
rCorr    .         Harm     .   (no gloves)
MR       .....                  (no boots)
Stlth    ..........             (no amulet)
HPRegen  0.15/turn              (no ring)
MPRegen  0.09/turn              (no ring)

@: slowed, very slow
A: no striking features
a: no special abilities


You were on level 1 of the Dungeon.
You were hungry.

You visited 1 branch of the dungeon, and saw 2 of its levels.

You collected 192 gold pieces.

Inventory:

Hand Weapons
 a - a +0 war axe (weapon)
Armour
 b - a +0 scale mail (worn)
 c - a +0 shield (worn)
 s - a scarf of spirit shield (worn)
Jewellery
 j - an uncursed amulet of harm {unknown}
 n - an uncursed ring of flight {unknown}
Scrolls
 e - a scroll of blinking {unknown}
 g - 2 scrolls of remove curse {unknown}
 h - 4 scrolls of identify {unknown}
 i - a scroll of teleportation {unknown}
 m - a scroll of enchant armour {unknown}
 o - a scroll of enchant weapon {unknown}
 q - a scroll of magic mapping {unknown}
Potions
 d - a potion of might
 k - a potion of magic {unknown}
 l - a potion of mutation {unknown}
 p - a potion of curing {unknown}
 r - a potion of berserk rage {unknown}
Comestibles
 f - 4 rations


   Skills:
 - Level 3.6 Fighting
 + Level 6.6 Axes
 - Level 3.2 Armour
 - Level 3.2 Shields


You had 4 spell levels left.
You didn't know any spells.
Your spell library was empty.

Dungeon Overview and Level Annotations

Branches:
Dungeon (2/15)

Altars:

Annotations:
D:1 Natasha


Message History

You feel as though you will be slow longer.
Natasha claws you but does no damage. Natasha claws you.
* * * LOW HITPOINT WARNING * * *
There is a stone staircase leading up here.
You block Natasha's attack. Natasha claws you.
* * * LOW HITPOINT WARNING * * *
You climb upwards.
There is a stone staircase leading down here.
You closely miss Natasha. Natasha claws you but does no damage.
Natasha claws you.
* * * LOW HITPOINT WARNING * * *
You hit Natasha.
Natasha is moderately wounded.
You block Natasha's attack.
Natasha howls an incantation.
You feel disoriented.
Natasha stares at you and mumbles some strange words.
The magic dart hits you!
You die...

.......### .#####.#.#####
.............#
.###.#...###.# .#
#.....###.# .#
#####[..#.# .#
#.#.#.#########
.#######.#.#..(.h....#
................@###.#
..#####..#.#..#### #.#
..#####..#.#..# #.#
.........#.#..######.#
.....................#
..#####..#.#..######.#
..# #..#.#..### #.#
..#####..#.#....####.####
........................#


You could see Natasha.

Vanquished Creatures
  Natasha (twice) (D:2)
  A hound zombie (D:2)
  An adder (D:2)
  2 worms (D:2)
  A dart slug (D:1)
  A leopard gecko (D:2)
  8 bats
  A giant cockroach (D:1)
  3 goblins (D:2)
  5 hobgoblins
  A frilled lizard (D:2)
  3 kobolds
  A quokka skeleton (D:2)
  5 rats (D:2)
35 creatures vanquished.

Notes
Turn   | Place    | Note
-------+----------+-------------------------------------------
     0 | D:1      | Delamore the Hill Orc Fighter began the quest for the Orb.
     0 | D:1      | Reached XP level 1. HP: 19/19 MP: 1/1
    27 | D:1      | Reached skill level 3 in Axes
   278 | D:1      | Reached XP level 2. HP: 26/26 MP: 2/2
   395 | D:1      | Reached skill level 4 in Axes
   706 | D:2      | Reached XP level 3. HP: 20/31 MP: 3/3
   913 | D:2      | Noticed Natasha
   919 | D:2      | Killed Natasha
   919 | D:2      | Reached skill level 5 in Axes
   950 | D:2      | Noticed Natasha
   961 | D:2      | Killed Natasha
   961 | D:2      | Reached skill level 6 in Axes
   961 | D:2      | Reached XP level 4. HP: 2/39 MP: 4/4
  1584 | D:2      | Reached XP level 5. HP: 41/45 MP: 5/5
  1631 | D:2      | Noticed Natasha
  1660 | D:1      | Killed from afar by Natasha

Levels and vault maps discovered:
D:1:      minmay_arrival_solitary_statue, layout_basic, moated_statue,
          feat_on_display
D:2:      layout_basic, uniq_natasha

Skill      XL: |  1  2  3 |
---------------+----------+-----
Axes           | 3 4 6 |  6.6
Fighting       | |  3.6
Armour         | |  3.2
Shields        | |  3.2

Action                   |  1- 3 |  4- 6 || total
-------------------------+-------+-------++-------
Melee: War axe           |    63 |    60 ||   123
  Eat: Chunk             |       |     2 ||     2
Armor: Scale mail        |    29 |    14 ||    43
Dodge: Dodged            |    16 |    12 ||    28
Block: Shield            |    42 |    27 ||    69
